 Dungeon Crawl Stone Soup version 0.19.0-19-g8c6edcc (webtiles) character file.

102353 mmcf the Warrior (level 15, -3/149 HPs)
             Began as a Minotaur Berserker on Nov 13, 2016.
             Was the Champion of Trog.
             Slain by a spark wasp (5 damage)
             ... on level 4 of the Spider Nest.
             The game lasted 01:02:04 (25252 turns).

mmcf the Warrior (Minotaur Berserker)              Turns: 25252, Time: 01:02:05

Health: -3/149     AC: -3    Str: 20      XL:     15   Next: 86%
Magic:  0/21       EV: 12    Int:  7      God:    Trog [******]
Gold:   218        SH:  0    Dex: 10 (12) Spells: 0 memorised, 14 levels left

rFire  + . .     SeeInvis .     a - +5 dire flail (holy)
rCold  . . .     Gourm    .     y - +2 chain mail {rF+}
rNeg   . . .     Faith    .     (shield currently unavailable)
rPois  +         Spirit   +     (helmet restricted)
rElec  +         Reflect  .     e - +2 cloak
rCorr  .         Harm     .     p - +0 pair of gloves
MR     +....                    C - +0 pair of boots "Dazxep" {rElec Regen+ Str-3}
Stlth  ..........               d - amulet of guardian spirit
                                h - +4 ring of slaying
                                N - ring of poison resistance

@: corroded
A: retaliatory headbutt, horns 2
a: Berserk, Trog's Hand, Brothers in Arms, Burn Spellbooks, Renounce Religion


You were on level 4 of the Spider Nest.
You worshipped Trog.
Trog was exalted by your worship.
You were full.

You visited 5 branches of the dungeon, and saw 28 of its levels.
You also visited: Sewer, Bailey and Ice Cave.

You collected 2592 gold pieces.
You spent 2374 gold pieces at shops.

Inventory:

Hand Weapons
 a - a +5 dire flail of holy wrath (weapon)
 H - a +0 morningstar of protection
 W - the +7 great mace "Firestarter" {inner flame, rF++}
   (You found it on level 10 of the Dungeon)

   It has been specially enchanted to burn those struck by it, causing extra
   injury to most foes and up to half again as much damage against particularly
   susceptible opponents.
   It greatly protects you from fire.
Missiles
 l - 4 curare-tipped needles
 s - 31 tomahawks of returning
 x - 2 silver javelins
 L - 12 javelins of returning (quivered)
Armour
 e - a +2 cloak (worn)
 p - a +0 pair of gloves (worn)
 t - the +9 plate armour of Sabam {+Inv rF- rC++ Regen+}
   (You acquired it on level 2 of the Orcish Mines)

   It makes you vulnerable to fire.
   It greatly protects you from cold.
   It lets you turn invisible.
   It increases your rate of regeneration.
 y - a +2 chain mail of fire resistance (worn)
 C - the +0 pair of boots "Dazxep" (worn) {rElec Regen+ Str-3}
   (You bought it in a shop on level 7 of the Dungeon)

   It affects your strength (-3).
   It insulates you from electricity.
   It increases your rate of regeneration.
Jewellery
 d - an amulet of guardian spirit (around neck)
 g - an uncursed ring of protection from cold
 h - a +4 ring of slaying (right hand)
 N - a ring of poison resistance (left hand)
Wands
 j - a wand of polymorph (10/24)
 z - a wand of digging (16/24)
 I - a wand of lightning (5/15)
 M - a wand of acid (8/15)
 P - a wand of iceblast (14/15)
Scrolls
 b - 7 scrolls of identify
 u - 6 scrolls of remove curse
 v - 6 scrolls of teleportation
 A - a scroll of fog
 D - 3 scrolls of blinking
 E - a scroll of fear
 G - a scroll of enchant armour
 Q - 2 scrolls of magic mapping
Potions
 f - 3 potions of agility
 m - 2 potions of brilliance
 n - 10 potions of curing
 o - 4 potions of haste
 q - 10 potions of flight
 r - 3 potions of might
 w - 4 potions of resistance
 B - 7 potions of heal wounds
 F - 2 potions of cancellation
 K - 2 potions of invisibility
 O - 4 potions of ambrosia
Miscellaneous
 R - a disc of storms
 S - a phial of floods
Comestibles
 c - 20 bread rations
 i - a royal jelly
 k - a meat ration


   Skills:
 + Level 18.1 Fighting
 + Level 16.2 Maces & Flails
 + Level 11.1 Throwing
 - Level 10.6 Armour
 - Level 10.1 Dodging
 - Level 10.1 Evocations


You had 14 spell levels left.
You didn't know any spells.

Dungeon Overview and Level Annotations

Branches:
Dungeon (15/15)            Temple (1/1) D:4            Lair (6/6) D:10
  Swamp (0/4) Lair:2       Spider (4/4) Lair:2        Slime (0/5) Lair:5
    Orc (2/2) D:12            Elf (0/3) Orc:2        Vaults (0/5) D:14
 Depths: D:15

Altars:
Dithmenos
Fedhas
Gozag
Kikubaaqudgha
Nemelex Xobeh
Ru
Sif Muna
Uskayaw
Vehumet
The Shining One
Beogh
Jiyva

Shops:
D:7 [   D:9 !   D:13 *   Orc:1 [   Orc:2 ?!?[


Innate Abilities, Weirdness & Mutations

You reflexively headbutt those who attack you in melee.
You have a pair of horns on your head.


Message History

The living lightning hits you! You resist.
The spark wasp blinks!
You closely miss the spark wasp. Your headbutt misses the spark wasp.
The spark wasp stings you!!
* * * LOW HITPOINT WARNING * * *
The spark wasp shocks you. You resist.
* * * LOW HITPOINT WARNING * * *
The spark wasp barely misses you. You furiously retaliate!
You headbutt the spark wasp.
Your inner flame fades away.
Your +5 dire flail of holy wrath softly glows with a divine radiance!
a - a +5 dire flail of holy wrath (weapon)
The spark wasp closely misses you.
You puncture the spark wasp!
The spark wasp is moderately wounded.
You hit the spark wasp but do no damage.
The spark wasp is moderately wounded.
The spark wasp stings you!!
* * * LOW HITPOINT WARNING * * *
The spark wasp shocks you. You resist.
You die...

#.(...####.#......# *,*,*,,,≈,
##.#...^...##....## *,,***≈**,
*#####....####....## **,,****,≈
***#...#..#..#.†%..# *,,**,≈≈,
,,#....##....#.##..## *,****≈,≈
,,###.^##....#^.#^%.##**#******≈,
,***..###............#≈.#,*,*,,≈,
,*,.##*#.......††..../...,,,,,*,,
,*##**,######..y@......#,,,,,≈*,,
*,* **,*,,,#####....#≈≈#,*,*,,,,
*** *,,,,,,,,,....####*******,,
**** **,,,,,,,,....## *,****,,,
*,,***,,,,,,,,^....# *,,**,,,,
***,,,**,****#...### **,,****≈,
,*,,,,,****,,....,* *,,***,**,
***,,,,* *,*##...,* *,***,,,,,
**,,,*,*****,*,,,,* *,,*,,≈,,,


You could see a spark wasp.

Vanquished Creatures
  2 ghost moths (Spider:4)
  An emperor scorpion (Spider:2)
  Louise (D:14)
  2 entropy weavers (Spider:3)
  Josephine (D:14)
  2 fire dragons
  A centaur warrior (D:14)
  6 hydras
  2 ogre magi (Orc:2)
  A fire crab (Lair:6)
  2 deep trolls (Orc:2)
  9 hill giants
  Pikel (D:7)
  An oklob plant (Lair:5)
  2 necromancers
  An orc knight (Bailey)
  8 ugly things
  An orc sorcerer (Orc:2)
  6 orb spiders
  4 wolf spiders
  3 cyclopes
  14 elephants
  2 molten gargoyles (Lair:6)
  Joseph (D:11)
  3 ice statues (IceCv)
  A torpor snail (Lair:2)
  2 gargoyles
  10 black mambas
  13 spiny frogs
  3 centaur skeletons
  A spiny frog (shapeshifter) (D:14)
  A freezing wraith (D:14)
  2 rime drakes (Lair:4)
  10 komodo dragons
  2 demonic crawlers (Spider:3)
  7 ice devils (IceCv)
  15 jumping spiders
  A harpy zombie (D:15)
  A queen bee (shapeshifter) (D:14)
  9 trolls
  5 slime creatures (D:13)
  10 two-headed ogres
  16 blink frogs
  7 dream sheep (Lair:6)
  8 hippogriffs
  19 tarantellas
  4 wraiths
  9 wyverns
  41 yaks
  A shadow (D:14)
  29 redbacks
  2 fire bats (D:10)
  A human (D:8)
  A steam dragon (Lair:6)
  The ghost of BorisBritva the Poker, an amateur DsFi (D:4)
  2 basilisks (Lair:6)
  A hungry ghost (D:13)
  A warg (Orc:1)
  A soldier ant (D:14)
  6 hell hounds (Lair:6)
  4 porcupines
  14 water moccasins
  An ice beast (D:8)
  20 orc warriors
  4 slaves (D:7)
  9 phantoms
  2 sky beasts
  Purgy (Sewer)
  2 black bears
  26 ogres
  17 wolves
  9 centaurs
  11 crocodiles
  3 big kobolds
  18 bullfrogs
  A wyvern zombie (D:14)
  A wyvern skeleton (D:9)
  6 scorpions
  A killer bee (Orc:1)
  3 wights (D:10)
  5 electric eels
  2 vampire bats (D:5)
  A bullfrog zombie (D:5)
  3 centaur zombies
  A howler monkey (D:4)
  4 lava snakes (Lair:6)
  5 crimson imps
  A draconian simulacrum (IceCv)
  A quasit (D:13)
  11 orc priests
  A bullfrog skeleton (D:5)
  10 hounds
  3 iguanas
  Ijyb (D:3)
  12 orc wizards
  17 worker ants
  2 spriggan simulacra (IceCv)
  2 troll simulacra (IceCv)
  A centaur simulacrum (IceCv)
  12 gnolls
  A howler monkey skeleton (D:4)
  An ogre simulacrum (IceCv)
  21 adders
  3 naga simulacra (IceCv)
  2 shadow imps
  12 white imps (Lair:5)
  4 oozes
  2 worms (D:3)
  A dart slug (D:1)
  6 leopard geckos
  73 orcs
  4 ball pythons
  11 bats
  9 giant cockroaches
  5 goblins
  11 hobgoblins
  9 jackals
  34 kobolds
  5 quokkas
  12 frilled lizards
  A jackal skeleton (D:7)
  A jackal zombie (D:5)
  A leopard gecko zombie (D:9)
  6 rats
  A butterfly (Lair:1)
  7 fungi
  12 plants
823 creatures vanquished.

Vanquished Creatures (collateral kills)
  A hydra (Lair:4)
  A catoblepas (Lair:4)
  A lindwurm (Lair:6)
  A molten gargoyle (Lair:6)
  2 rime drakes (Lair:4)
  3 hippogriffs (Lair:4)
  2 redbacks (Spider:3)
  A tarantella (Spider:3)
  5 wyverns (Lair:4)
  3 fire bats (D:10)
  2 basilisks (Lair:4)
  A hell hound (Lair:4)
  A lava snake (Lair:6)
24 creatures vanquished.

Vanquished Creatures (others)
  An orc wizard (D:10)
  3 orcs (D:10)
  4 bushes (Lair:6)
  7 fungi
  6 plants
21 creatures vanquished.

Grand Total: 868 creatures vanquished

Notes
Turn   | Place    | Note
-------+----------+-------------------------------------------
     0 | D:1      | mmcf the Minotaur Berserker began the quest for the Orb.
     0 | D:1      | Reached XP level 1. HP: 19/19 MP: 0/0
   155 | D:1      | Reached XP level 2. HP: 23/27 MP: 1/1
   459 | D:1      | Reached skill level 4 in Fighting
   689 | D:1      | Reached ** piety under Trog
   689 | D:1      | Reached XP level 3. HP: 29/33 MP: 2/2
  1063 | D:3      | Noticed Ijyb
  1070 | D:3      | Killed Ijyb
  1070 | D:3      | Reached XP level 4. HP: 39/41 MP: 3/3
  1189 | D:3      | Reached skill level 5 in Maces & Flails
  1409 | D:2      | Reached XP level 5. HP: 47/47 MP: 4/4
  1485 | D:2      | Found a faded altar of an unknown god.
  1485 | D:2      | Found a faded altar of an unknown god.
  1490 | D:2      | Found a faded altar of an unknown god.
  1492 | D:2      | Found a faded altar of an unknown god.
  1493 | D:2      | Found a sparkling altar of Nemelex Xobeh.
  1857 | D:4      | Noticed BorisBritva's ghost (amateur DsFi)
  1866 | D:4      | Killed BorisBritva's ghost
  1866 | D:4      | Reached skill level 5 in Fighting
  1866 | D:4      | Reached XP level 6. HP: 56/56 MP: 5/5
  1895 | D:4      | Found a glowing drain.
  1949 | Sewer    | Entered a sewer
  1957 | Sewer    | Reached *** piety under Trog
  1995 | Sewer    | Noticed Purgy
  2000 | Sewer    | Killed Purgy
  2439 | D:4      | Found a staircase to the Ecumenical Temple.
  2458 | Temple   | Entered the Ecumenical Temple
  2469 | D:4      | Reached XP level 7. HP: 38/61 MP: 3/6
  2787 | D:5      | Entered Level 5 of the Dungeon
  3726 | D:5      | Reached skill level 5 in Armour
  3758 | D:5      | Reached **** piety under Trog
  4019 | D:5      | Reached skill level 6 in Fighting
  4149 | D:6      | Reached XP level 8. HP: 70/70 MP: 7/7
  4375 | D:6      | Reached skill level 5 in Dodging
  4578 | D:7      | Found a blossoming altar of Fedhas.
  5293 | D:7      | Noticed a hippogriff
  5308 | D:7      | Killed a hippogriff
  5443 | D:7      | Reached skill level 7 in Fighting
  5589 | D:7      | Found Bapiq's Antique Armour Shop.
  5596 | D:7      | Bought a pair of translucent boots for 237 gold pieces
  5606 | D:7      | Identified the cursed +0 pair of boots "Dazxep" {rElec Regen+ Str-3} (You bought it in a shop on level 7 of the Dungeon)
  5653 | D:7      | Noticed Pikel
  5674 | D:7      | Killed Pikel
  5674 | D:7      | Reached skill level 10 in Maces & Flails
  5674 | D:7      | Reached XP level 9. HP: 79/79 MP: 4/8
  5731 | D:7      | Found a radiant altar of Vehumet.
  5732 | D:7      | Found an ancient bone altar of Kikubaaqudgha.
  5745 | D:7      | Found a hide-covered altar of Uskayaw.
  5904 | D:7      | Reached ***** piety under Trog
  6385 | D:8      | Reached skill level 8 in Fighting
  6623 | D:8      | Reached skill level 1 in Evocations
  7039 | D:10     | Entered Level 10 of the Dungeon
  7112 | D:10     | Found a flagged portal.
  7123 | Bailey   | Entered a bailey
  7173 | Bailey   | Noticed an orc knight
  7195 | Bailey   | Killed an orc knight
  7195 | Bailey   | Reached XP level 10. HP: 42/90 MP: 4/10
  7484 | Bailey   | Found a burning altar of Makhleb.
  7595 | D:9      | Reached skill level 9 in Fighting
  7924 | D:9      | Received a gift from Trog
  7997 | D:9      | Found Onetzid's Distillery.
  7999 | D:9      | Bought a potion of haste for 150 gold pieces
  7999 | D:9      | Bought a potion of agility for 60 gold pieces
  7999 | D:9      | Bought a potion of heal wounds for 75 gold pieces
  7999 | D:9      | Bought a potion of heal wounds for 75 gold pieces
  7999 | D:9      | Bought a potion of berserk rage for 75 gold pieces
  8059 | D:9      | Found a deep blue altar of Sif Muna.
  8398 | D:10     | Noticed a fire dragon
  8430 | D:10     | Killed a fire dragon
  8430 | D:10     | Reached skill level 10 in Fighting
  8894 | D:11     | Reached XP level 11. HP: 100/100 MP: 13/13
  9010 | D:11     | Noticed Joseph
  9023 | D:11     | Killed Joseph
  9077 | D:10     | Found a staircase to the Lair.
  9732 | Lair:1   | Entered Level 1 of the Lair of Beasts
 10011 | Lair:1   | Reached skill level 5 in Evocations
 10138 | Lair:2   | Reached skill level 11 in Fighting
 10431 | Lair:2   | Noticed a five-headed hydra
 10438 | Lair:2   | Killed a five-headed hydra
 10523 | Lair:1   | Reached skill level 15 in Maces & Flails
 10524 | Lair:1   | Received a gift from Trog
 11180 | Lair:2   | Found a staircase to the Swamp.
 11595 | Lair:2   | Reached XP level 12. HP: 96/112 MP: 12/15
 11826 | Lair:2   | Reached skill level 12 in Fighting
 11963 | Lair:2   | Found a hole to the Spider Nest.
 12112 | Spider:1 | Entered Level 1 of the Spider Nest
 12368 | Lair:2   | Reached skill level 1 in Throwing
 12794 | Lair:3   | Noticed a seven-headed hydra
 12804 | Lair:3   | Killed a seven-headed hydra
 12939 | Lair:3   | Received a gift from Trog
 13225 | Lair:3   | Reached skill level 13 in Fighting
 13774 | Lair:5   | Received a gift from Trog
 13786 | Lair:5   | Found a frozen archway.
 13816 | IceCv    | Entered an ice cave
 13856 | IceCv    | Reached skill level 5 in Throwing
 14438 | Lair:4   | Noticed a five-headed hydra
 14454 | Lair:4   | Killed a five-headed hydra
 14454 | Lair:4   | Reached XP level 13. HP: 66/123 MP: 8/17
 14821 | Lair:4   | Reached skill level 14 in Fighting
 14915 | Lair:4   | Received a gift from Trog
 15790 | Lair:5   | Found a blossoming altar of Fedhas.
 16063 | Lair:6   | Entered Level 6 of the Lair of Beasts
 16075 | Lair:6   | Reached skill level 15 in Fighting
 16175 | Lair:5   | Found a viscous altar of Jiyva.
 16176 | Lair:5   | Found a staircase to the Slime Pits.
 16703 | Lair:6   | Received a gift from Trog
 17163 | Lair:6   | Received a gift from Trog
 17176 | Lair:6   | Reached XP level 14. HP: 85/135 MP: 14/18
 17440 | Lair:6   | Found a large runed door.
 17458 | Lair:6   | Reached skill level 10 in Armour
 17773 | Lair:6   | Found a large runed door.
 17798 | Lair:6   | Reached skill level 16 in Fighting
 18480 | D:11     | Reached skill level 10 in Dodging
 19181 | D:12     | Found a roughly hewn altar of Beogh.
 19208 | D:12     | Received a gift from Trog
 19297 | D:12     | Found a staircase to the Orcish Mines.
 19358 | D:12     | Found a sacrificial altar of Ru.
 19638 | D:12     | Received a gift from Trog
 19755 | D:13     | Found an opulent altar of Gozag.
 19873 | Orc:1    | Entered Level 1 of the Orcish Mines
 20125 | Orc:1    | Found Angoumas's Armour Shop.
 20179 | Orc:2    | Entered Level 2 of the Orcish Mines
 20728 | Orc:2    | Found a staircase to the Elven Halls.
 20728 | Orc:2    | Found Mathe's Magic Scroll Shoppe.
 20776 | Orc:2    | Received a gift from Trog
 20822 | Orc:2    | Received a gift from Trog
 20996 | Orc:2    | Found Qoomod's Distillery.
 21005 | Orc:2    | Found Siuck's Magic Scroll Emporium.
 21035 | Orc:2    | Found Vutal's Antique Armour Shoppe.
 21045 | Orc:2    | Bought a scroll of acquirement for 884 gold pieces
 21272 | Orc:2    | Got a black opal-encrusted plate armour
 21283 | Orc:2    | Identified the +9 plate armour of Sabam {+Inv rF- rC++ Regen+} (You acquired it on level 2 of the Orcish Mines)
 21294 | Orc:2    | Bought 2 scrolls of teleportation for 84 gold pieces
 21294 | Orc:2    | Bought a scroll of blinking for 105 gold pieces
 21294 | Orc:2    | Bought a scroll of teleportation for 42 gold pieces
 21294 | Orc:2    | Bought a scroll of magic mapping for 49 gold pieces
 21294 | Orc:2    | Bought a scroll of fear for 49 gold pieces
 21294 | Orc:2    | Bought a scroll of enchant armour for 105 gold pieces
 21294 | Orc:2    | Bought a scroll of teleportation for 42 gold pieces
 21294 | Orc:2    | Bought a scroll of teleportation for 42 gold pieces
 21301 | Orc:2    | Bought 2 potions of haste for 300 gold pieces
 21672 | D:13     | Found Gozag's Platinum Reserve.
 21716 | D:13     | Found a glowing golden altar of the Shining One.
 22035 | D:13     | Reached skill level 17 in Fighting
 22157 | D:14     | Found a shadowy altar of Dithmenos.
 22207 | D:14     | Reached XP level 15. HP: 147/147 MP: 20/20
 22423 | D:15     | Entered Level 15 of the Dungeon
 22429 | D:15     | Found an ancient bone altar of Kikubaaqudgha.
 22566 | D:14     | Found a gate to the Vaults.
 22794 | D:14     | Noticed Louise
 22804 | D:14     | Killed Louise
 23005 | D:14     | Noticed Josephine
 23016 | D:14     | Reached ****** piety under Trog
 23040 | D:14     | Reached skill level 10 in Throwing
 23045 | D:14     | Killed Josephine
 23498 | Spider:2 | Received a gift from Trog
 24413 | Spider:3 | Received a gift from Trog
 24649 | Spider:4 | Entered Level 4 of the Spider Nest
 24847 | Spider:4 | Reached skill level 18 in Fighting
 24875 | Spider:4 | Reached skill level 10 in Evocations
 24907 | Spider:4 | Killed a ghost moth
 25167 | Spider:4 | Killed a ghost moth
 25252 | Spider:4 | HP: 2/149 [spark wasp (27)]
 25252 | Spider:4 | Slain by a spark wasp

Skill      XL: |  1  2  3  4  5  6  7  8  9 10 11 12 13 14 15 |
---------------+----------------------------------------------+-----
Maces & Flails | 4 5 6 7 10 11 13 15 16 | 16.2
Fighting       | 4 5 6 7 8 10 11 13 15 17 18 | 18.1
Armour         | 3 4 5 7 9 10 | 10.6
Dodging        | 3 4 6 7 9 10 | 10.1
Evocations     | 2 4 6 8 10 | 10.1
Throwing       | 6 7 9 11 | 11.1

Action                   |  1- 3 |  4- 6 |  7- 9 | 10-12 | 13-15 || total
-------------------------+-------+-------+-------+-------+-------++-------
Melee: Mace              |    56 |   116 |    64 |       |       ||   236
       Headbutt          |     7 |    22 |    94 |   123 |   276 ||   522
       Flail             |       |       |   118 |    42 |       ||   160
       Dire flail        |       |       |   307 |   371 |  1180 ||  1858
       Great mace        |       |       |       |   242 |    61 ||   303
Throw: Tomahawk          |       |       |       |       |     3 ||     3
       Javelin           |       |       |       |       |     8 ||     8
Invok: Berserk           |       |     2 |     2 |     2 |     8 ||    14
       Trog's Hand       |       |       |       |     2 |     5 ||     7
       Brothers in Arms  |       |       |       |     1 |     3 ||     4
       Burn Spellbooks   |       |       |       |     1 |     1 ||     2
Evoke: Wand              |       |       |       |     2 |       ||     2
  Use: Scroll            |       |     5 |     5 |    19 |     4 ||    33
       Potion            |       |       |       |       |     2 ||     2
  Eat: Chunk             |       |     7 |    14 |    17 |    23 ||    61
       Beef jerky        |       |       |     2 |     1 |     2 ||     5
       Pizza             |       |       |       |     4 |     3 ||     7
       Fruit             |       |       |       |     3 |       ||     3
       Meat ration       |       |       |       |       |     4 ||     4
Armor: Leather armour    |    12 |     3 |       |       |       ||    15
       Scale mail        |       |    46 |    33 |       |       ||    79
       Chain mail        |       |       |   227 |   331 |   436 ||   994
       Plate armour      |       |       |       |       |   312 ||   312
Dodge: Dodged            |    49 |    70 |   297 |   324 |   725 ||  1465
